 Dungeon Crawl Stone Soup version 0.14.0-18-g0341e45 (webtiles) character file.

20785 sprout the Unseen (level 12, -22/62 HPs)
             Began as a Spriggan Enchanter on Apr 19, 2014.
             Was the Champion of Okawaru.
             Killed from afar by Fannar (38 damage)
             ... with a bolt of cold
             ... on Level 5 of the Lair of Beasts.
             The game lasted 02:13:40 (20383 turns).

sprout the Unseen (Spriggan Enchanter)             Turns: 20383, Time: 02:13:40

HP -22/62        AC  7     Str  7      XL: 12   Next: 41%
MP  26/31        EV 28     Int 16      God: Okawaru [******]
Gold 789         SH  0     Dex 19      Spells:  4 memorised, 13 levels left

rFire  . . .     SeeInvis +     s - +6,+7 short sword of the Six Lies {distort, +Fly Stlth+}
rCold  . . .     Clarity  .     b - +2 robe
rNeg   . . .     Conserve .     (shield restricted)
rPois  +         rCorr    .     (helmet restricted)
rElec  .         rRot     .     z - +2 cloak {rPois}
SustAb . .       Spirit   .     (gloves unavailable)
rMut   .         Warding  .     (boots unavailable)
Saprov . . .     Stasis   .     (no amulet)
MR     +++..                    (no ring)
                                D - ring of protection from magic

@: very quick, extremely resistant to hostile enchantments, incredibly stealthy
A: unfitting armour, see invisible, herbivore 3, speed 3, slow metabolism 2
a: Heroism, Finesse, Renounce Religion, Evoke Flight


You were on level 5 of the Lair of Beasts.
You worshipped Okawaru.
Okawaru was exalted by your worship.
You were not hungry.

You visited 3 branches of the dungeon, and saw 15 of its levels.

You collected 789 gold pieces.

Inventory:

Hand weapons
 i - a +7,+5 cutlass of protection
 s - the +6,+7 short sword of the Six Lies (weapon) {distort, +Fly Stlth+}
   (Okawaru gifted it to you on level 5 of the Lair of Beasts)

   It warps and distorts space around it.
   Unwielding it can cause banishment or high damage.
   It lets you fly.
   It makes you much more stealthy.
 B - a +3,+3 dagger of flaming
 L - the +2,+11 cutlass of Honour {slice, Stlth++}
   (You acquired it on level 8 of the Dungeon)

   It inflicts extra damage upon your enemies.
   It makes you much more stealthy.
Armour
 b - a +2 robe (worn)
 z - a +2 cloak of poison resistance (worn)
 K - the +1 cloak of Honour {rC+ Int+3}
   (You found it on level 7 of the Dungeon)

   It affects your intelligence (+3).
   It protects you from cold.
Magical devices
 a - a wand of teleportation (9)
 f - a wand of frost (4) {unknown}
 h - a wand of invisibility (4)
 k - a wand of polymorph (4)
 n - a wand of paralysis (4) {unknown}
 N - a wand of lightning (5) {unknown}
Comestibles
 d - an apple
 m - an apricot
 w - 7 bread rations
 J - 6 cheeses
 M - a royal jelly
Scrolls
 e - 2 scrolls of fear
 g - 2 scrolls of fog
 l - 4 scrolls of blinking
 o - a scroll of recharging
 A - a scroll of magic mapping
 C - 4 scrolls of remove curse
Jewellery
 t - a cursed ring of teleportation {unknown}
 D - a ring of protection from magic (left hand)
Potions
 j - 2 potions of cure mutation
 u - 2 potions of agility
 F - 2 potions of might
 G - a potion of heal wounds
 I - 2 potions of restore abilities
Books
 c - a book of Maledictions

   Spells                             Type                      Level
   *Corona                            Hexes                        1
   Sure Blade                         Hexes/Charms                 2
   *Ensorcelled Hibernation           Hexes/Ice                    2
   *Confuse                           Hexes                        3
   Enslavement                        Hexes                        4
   *Invisibility                      Hexes                        6


   Skills:
 - Level 6.4 Fighting
 + Level 10.7 Short Blades
 - Level 1.1 Throwing
 * Level 11.0 Dodging
 + Level 16.7 Stealth
 - Level 7.4 Spellcasting
 + Level 9.9 Hexes


You had 13 spell levels left.
You knew the following spells:

 Your Spells              Type           Power        Failure   Level  Hunger
a - Corona                Hex            #####..      1%          1    None
b - Ensorcelled Hibernat  Hex/Ice        ###...       2%          2    None
c - Invisibility          Hex            #####...     34%         6    #######
d - Confuse               Hex            #####...     1%          3    ##.....


Dungeon Overview and Level Annotations

Branches:
Dungeon (9/15)             Temple (1/1) D:4            Lair (5/8) D:9
  Swamp (0/5) Lair:3       Spider (0/5) Lair:3
    Orc: D:9-12

Altars:
Ashenzari
Cheibriados
Dithmenos
Elyvilon
Fedhas
Kikubaaqudgha
Makhleb
Nemelex Xobeh
Okawaru
Sif Muna
Trog
Vehumet
Xom
Yredelemnul
Zin
The Shining One

Shops:
D:7 (   D:8 *

Annotations:
Lair:5 Fannar


Innate Abilities, Weirdness & Mutations

You are tiny and cannot use many weapons and most armour.
You have supernaturally acute eyesight.
You are a herbivore.
You cover ground extremely quickly.
You need consume almost no food.


Message History

Fannar gestures wildly while chanting.
Casting: Ensorcelled Hibernation
Confirm with . or Enter, or press ? or * to list all spells.
Aiming: Confuse
Press: ? - help, Shift-Dir - straight line, f/p - Fannar
Aim: Fannar, wielding a staff of cold and wearing a robe of cold resistance (lightly wounded, covered in an icy film) Fannar resists with almost no effort.
Fannar murmurs some mystic words to himself.
Fannar hits you with a staff of cold. Fannar freezes you!
Your potion of haste freezes and shatters!
You barely miss Fannar.
Fannar is lightly wounded.
Fannar gestures at you while chanting. The bolt of cold hits you!
* * * LOW HITPOINT WARNING * * *
Fannar points at you and mumbles some strange words.
The bolt of cold hits the ice beast.
The ice beast completely resists.
The bolt of cold hits you!
Ouch! That really hurt!
You die...

#.#..............................
.##.............#..#..P.)........
..............#...#.PP...........
...............##...PP...........
.P..........#.......P............
...............#.................
...#.####.#P...##e........##.....
..............###I...............
..............#.@....[......#....
##.............f.................
...........f................f....
#...........##..............f....
#...........##.#............P....
#..........#######..%.....#......
#...........##.####......P..#....
#f..###......#..##....##.........
##..###...................>......


You could see Fannar and an ice beast.

Vanquished Creatures
  Maud (Lair:4)
  2 hydras
  The ghost of wizard the Conjurer, an experienced DEWz of Vehumet (D:8)
  7 spiny frogs
  3 black mambas
  3 fire drakes
  2 trolls
  2 komodo dragons
  3 trapdoor spiders (Lair:3)
  A wyvern (Lair:3)
  A basilisk (Lair:4)
  A hill giant zombie (D:7)
  A shark (Lair:3)
  17 yaks
  A hungry ghost (D:9)
  8 hippogriffs
  4 wolves
  2 mottled dragons (D:9)
  2 sky beasts (D:5)
  A soldier ant (Lair:5)
  6 water moccasins
  3 ice beasts
  4 porcupines
  5 centaurs
  A necrophage (D:8)
  A giant goldfish (Lair:2)
  6 ogres
  Duvessa (D:4)
  4 crocodiles
  A big kobold (D:7)
  3 giant slugs
  Blork the orc (D:5)
  A gnoll sergeant (D:6)
  9 giant frogs
  7 wights
  6 killer bees (D:7)
  Dowan (D:4)
  3 crimson imps
  An elf zombie (D:7)
  2 jellies (D:9)
  A goliath beetle (D:7)
  7 hounds
  5 orc wizards
  Crazy Yiuf (D:3)
  11 iguanas
  4 orc priests
  14 worker ants
  An orange rat (D:7)
  Jessica (D:3)
  An ogre skeleton (D:8)
  A hound skeleton (D:9)
  A mummy (D:9)
  A scorpion zombie (D:8)
  A worker ant zombie (D:6)
  14 adders
  15 gnolls
  An orc skeleton (D:9)
  12 white imps (Lair:1)
  21 green rats
  A giant mite (D:7)
  5 worms
  2 iguana zombies
  A giant eyeball (D:5)
  26 orcs
  A ball python (D:2)
  4 giant cockroaches
  14 hobgoblins
  20 kobolds
  15 quokkas
  24 bats
  10 giant geckos
  6 giant newts
  3 giant spores
  9 goblins
  A hobgoblin skeleton (D:5)
  19 jackals
  25 rats
  8 ballistomycetes
  A fungus (Lair:2)
437 creatures vanquished.

Vanquished Creatures (others)
  A yak (Lair:5)
  A wolf (Lair:4)
  An orc (D:9)
  A bat (Lair:3)
  A kobold (D:7)
  A fungus (Lair:4)
  2 plants
8 creatures vanquished.

Grand Total: 445 creatures vanquished

Notes
Turn   | Place    | Note
--------------------------------------------------------------
     0 | D:1      | sprout, the Spriggan Enchanter, began the quest for the Orb.
     0 | D:1      | Reached XP level 1. HP: 9/9 MP: 4/4
   313 | D:1      | Reached XP level 2. HP: 10/13 MP: 7/7
   777 | D:1      | Reached skill level 4 in Stealth
  1192 | D:2      | Reached XP level 3. HP: 16/16 MP: 9/9
  1288 | D:2      | Reached skill level 5 in Stealth
  1404 | D:2      | Reached XP level 4. HP: 21/21 MP: 12/12
  1444 | D:2      | Learned a level 2 spell: Ensorcelled Hibernation
  2160 | D:3      | Reached skill level 6 in Stealth
  2756 | D:3      | Reached XP level 5. HP: 24/24 MP: 14/14
  3826 | D:3      | Noticed Crazy Yiuf
  3861 | D:3      | Killed Crazy Yiuf
  3861 | D:3      | Reached skill level 7 in Stealth
  4188 | D:3      | Noticed Jessica
  4191 | D:3      | Killed Jessica
  4376 | D:3      | You fall through a shaft!
  4550 | D:4      | Reached XP level 6. HP: 28/28 MP: 17/17
  4576 | D:4      | Noticed Duvessa
  4578 | D:4      | Noticed Dowan
  4583 | D:4      | Killed Duvessa
  4583 | D:4      | Reached skill level 5 in Short Blades
  4583 | D:4      | Reached skill level 8 in Stealth
  5009 | D:4      | Found a glowing silver altar of Zin.
  5557 | D:5      | Entered Level 5 of the Dungeon
  5591 | D:5      | Reached XP level 7. HP: 25/32 MP: 4/19
  5748 | D:4      | Found a staircase to the Ecumenical Temple.
  5771 | Temple   | Entered the Ecumenical Temple
  6060 | D:4      | Killed Dowan
  6060 | D:4      | Reached skill level 9 in Stealth
  6240 | D:4      | Learned a level 6 spell: Invisibility
  6578 | D:5      | Found an iron altar of Okawaru.
  6582 | D:5      | Became a worshipper of Warmaster Okawaru
  6586 | D:5      | Found a bloodstained altar of Trog.
  6589 | D:5      | Found a shadowy altar of Dithmenos.
  6675 | D:5      | Reached skill level 1 in Fighting
  6764 | D:5      | Noticed Blork the orc
  6772 | D:5      | Killed Blork the orc
  6896 | D:5      | Reached skill level 10 in Stealth
  7439 | D:6      | Reached XP level 8. HP: 39/39 MP: 20/20
  7444 | D:6      | Learned a level 3 spell: Confuse
  7519 | D:6      | Acquired Okawaru's first power
  7951 | D:6      | Reached skill level 5 in Hexes
  8152 | D:6      | Reached skill level 11 in Stealth
  8597 | D:7      | Found Maita's Weapon Boutique.
  8643 | D:7      | Reached XP level 9. HP: 45/45 MP: 16/22
  8844 | D:7      | Reached skill level 12 in Stealth
  8974 | D:7      | Got a faintly glowing cloak
  9148 | D:7      | Identified the +1 cloak of Honour {rC+ Int+3} (You found it on level 7 of the Dungeon)
  9574 | D:8      | Noticed wizard's ghost (experienced DEWz)
  9676 | D:8      | Reached skill level 5 in Fighting
  9677 | D:8      | Found Smegh's Elemental Accessories.
  9789 | D:8      | Identified a scroll of acquirement
  9793 | D:8      | Got a twisted cutlass
 10580 | D:8      | Killed wizard's ghost
 10580 | D:8      | Reached skill level 13 in Stealth
 10847 | D:8      | Reached XP level 10. HP: 53/53 MP: 18/23
 11084 | D:8      | Identified the +2,+11 cutlass of Honour {slice, Stlth++} (You acquired it on level 8 of the Dungeon)
 12343 | D:9      | Found a staircase to the Lair.
 12395 | D:9      | Reached skill level 14 in Stealth
 12655 | Lair:1   | Entered Level 1 of the Lair of Beasts
 13117 | Lair:1   | Noticed an eight-headed hydra
 14164 | D:9      | Noticed an ice dragon
 14164 | D:9      | an eight-headed hydra changed into an ice dragon
 15121 | Lair:1   | Acquired Okawaru's second power
 15341 | Lair:1   | Reached skill level 5 in Dodging
 15341 | Lair:1   | Reached skill level 15 in Stealth
 15650 | Lair:2   | Noticed a black mamba
 15654 | Lair:2   | Killed a black mamba
 15721 | Lair:2   | Reached XP level 11. HP: 58/58 MP: 24/27
 16515 | Lair:3   | Reached skill level 5 in Spellcasting
 16544 | Lair:3   | Found a staircase to the Swamp.
 16700 | Lair:3   | Noticed a catoblepas
 17193 | Lair:3   | Received a gift from Okawaru
 17220 | Lair:3   | Found a hole to the Spider Nest.
 18529 | Lair:4   | Noticed Maud
 18646 | Lair:4   | Reached skill level 10 in Short Blades
 18648 | Lair:4   | Received a gift from Okawaru
 18697 | Lair:4   | Killed Maud
 18697 | Lair:4   | Reached skill level 16 in Stealth
 19101 | Lair:4   | Noticed a four-headed hydra
 19106 | Lair:4   | Killed a five-headed hydra
 19238 | Lair:5   | Noticed a five-headed hydra
 19246 | Lair:5   | Killed a six-headed hydra
 19246 | Lair:5   | Reached XP level 12. HP: 62/62 MP: 31/31
 19412 | Lair:5   | Reached skill level 10 in Dodging
 19576 | Lair:5   | Noticed Fannar
 19763 | Lair:5   | Received a gift from Okawaru
 19767 | Lair:5   | Got a bone short sword {god gift}
 19774 | Lair:5   | Identified the +6,+7 short sword of the Six Lies {distort, +Fly Stlth+} (Okawaru gifted it to you on level 5 of the Lair of Beasts)
 20383 | Lair:5   | Killed from afar by Fannar

Action                   |  1- 3 |  4- 6 |  7- 9 | 10-12 || total
-------------------------+-------+-------+-------+-------++-------
Melee: Dagger            |    80 |   210 |   429 |    46 ||   765
       Cutlass           |       |       |       |   272 ||   272
       Short sword       |       |       |       |    53 ||    53
Throw: Dart              |    23 |    29 |     5 |     2 ||    59
 Cast: Ensorcelled Hiber |       |    88 |   107 |   197 ||   392
       Confuse           |       |       |    25 |    39 ||    64
Invok: Heroism           |       |       |     1 |       ||     1
Evoke: Wand              |       |       |       |    11 ||    11
  Use: Scroll            |       |     4 |    21 |     9 ||    34
       Potion            |       |       |     3 |     9 ||    12
 Stab: Sleeping          |    10 |    42 |    75 |   115 ||   242
       Distracted        |     1 |     3 |     2 |     6 ||    12
       Confused          |       |       |    18 |     8 ||    26
       Invisible         |       |       |     2 |       ||     2
